 Dungeon Crawl Stone Soup version 0.28-a0-1395-g4f6bc678fa (webtiles) character file.

Game seed: 8471726475687275228

194592 siradein the Thrower (level 17, -5/179 HPs)
             Began as a Troll Berserker on Jan 5, 2022.
             Was the Champion of Trog.
             Slain by a spark wasp (15 damage)
             ... on level 4 of the Lair of Beasts.
             The game lasted 01:50:46 (26002 turns).

siradein the Thrower (Troll Berserker)             Turns: 26002, Time: 01:50:46

Health: -5/179     AC: 17    Str: 43    XL:     17   Next: 68%
Magic:  16/16      EV: 13    Int:  7    God:    Trog [******]
Gold:   3373       SH:  0    Dex: 11    Spells: 16/16 levels left

rFire   + + .      SeeInvis .   j - +8 demon blade "Leech" {vamp, Harm Drain rN+}
rCold   x . .      Faith    .   B - orb {light}
rNeg    + . .      Spirit   .   h - +2 fire dragon scales
rPois   +          Reflect  .   x - +2 hat
rElec   .          Harm     +   v - +0 cloak of the Lich-sworn {rPois Int+4}
rCorr   .          Rampage  .   (gloves unavailable)
Will    +....                   (boots unavailable)
Stlth   ..........              X - amulet "Wuwnuan" {Acrobat Str+4}
HPRegen 1.19/turn               a - +4 ring of slaying
MPRegen 0.15/turn               A - +6 ring of strength

@: glowing
A: large, unfitting armour, claws 3, regeneration 1, shaggy fur 1, tough skin 1
}: 1/15 runes: decaying
a: Renounce Religion, Berserk, Trog's Hand, Brothers in Arms


You were on level 4 of the Lair of Beasts.
You worshipped Trog.
Trog was exalted by your worship.
You visited 5 branches of the dungeon, and saw 28 of its levels.
You also visited: Sewer and Ice Cave.

You collected 3522 gold pieces.
You spent 149 gold pieces at shops.

Inventory:

Hand Weapons
 f - the +10 hunting sling "Dragonbane" {speed, rN+++ Int+2 Dex-4 Stlth-}
   (You found it on level 2 of the Dungeon)

   Attacks with this weapon are significantly faster.
   Int:       It affects your intelligence (+2).
   Dex:       It affects your dexterity (-4).
   rN:        It renders you almost immune to negative energy.
   Stlth:     It makes you less stealthy.
 j - the +8 demon blade "Leech" (weapon) {vamp, Harm Drain rN+}
   (You found it on level 2 of the Dungeon)

   It heals its wielder for a portion of the damage dealt every time it strikes
   a living foe.
   rN:        It protects you from negative energy.
   Drain:     It drains your maximum health when unequipped.
   Harm:      It increases damage dealt and taken.
 P - a +3 antimagic demon blade
Missiles
 d - 39 large rocks
 e - 20 boomerangs (quivered)
 q - 178 sling bullets
 y - 4 throwing nets
 F - 18 javelins
 V - 6 silver boomerangs
Armour
 g - a +1 kite shield of protection
 h - +2 fire dragon scales (worn)
 v - the +0 cloak of the Lich-sworn (worn) {rPois Int+4}
   (You acquired it on level 2 of the Lair of Beasts)

   Int:       It affects your intelligence (+4).
   rPois:     It protects you from poison.
 x - a +2 hat (worn)
 B - an orb of light (worn)
 U - +2 ice dragon scales
Jewellery
 a - a +4 ring of slaying (left claw)
 p - a ring of flight
 A - a +6 ring of strength (right claw)
 X - the amulet "Wuwnuan" (around neck) {Acrobat Str+4}
   (You found it in an ice cave)

   [amulet of the acrobat]

   It increases your evasion while moving and waiting.
   Str:       It affects your strength (+4).
Wands
 b - a wand of mindburst (22)
 D - a wand of iceblast (42)
 E - a wand of polymorph (14)
 I - a wand of paralysis (38)
 M - a wand of charming (19)
 N - a wand of acid (5)
 T - a wand of flame (25)
 Y - a wand of digging (9)
Scrolls
 c - 13 scrolls of teleportation
 o - 4 scrolls of enchant weapon
 s - 3 scrolls of magic mapping
 t - 4 scrolls of fear
 u - a scroll of holy word
 z - a scroll of silence
 C - 5 scrolls of blinking
 J - 3 scrolls of fog
 K - 5 scrolls of identify
 Z - 4 scrolls of immolation
Potions
 i - 11 potions of heal wounds
 k - 2 potions of mutation
 l - a potion of cancellation
 m - 3 potions of invisibility
 n - 3 potions of magic
 r - 5 potions of berserk rage
 w - 2 potions of flight
 G - 6 potions of curing
 H - 3 potions of lignification
 L - a potion of ambrosia
 O - 5 potions of attraction
 R - 5 potions of haste
 S - 3 potions of might
Miscellaneous
 Q - a tin of tremorstones (2/2)
 W - a phial of floods


   Skills:
 + Level 13.8 Fighting
 - Level 14.0 Long Blades
 - Level 3.2 Maces & Flails
 + Level 14.5 Throwing
 + Level 6.2 Armour
 + Level 13.7 Dodging
 + Level 8.1 Evocations


You had 16 spell levels left.
You didn't know any spells.
Your spell library was empty.

Dungeon Overview and Level Annotations

Branches:
Dungeon (15/15)            Temple (0/1) D:5            Lair (6/6) D:10
  Swamp (4/4) Lair:4       Spider (1/4) Lair:4        Slime (0/5) Lair:6
    Orc (2/2) D:9             Elf (0/3) Orc:2        Vaults (0/5) D:14
 Depths (0/4) D:15          Sewer (visited)           IceCv (visited)

Altars:
Ashenzari
Cheibriados
Dithmenos
Fedhas
Makhleb
Qazlal
Ru
Uskayaw
Vehumet
Wu Jian
Xom
The Shining One

Shops:
D:9 [   Orc:2 :?[!

Portals:
Abyss: Lair:1
Pandemonium: Orc:2


Innate Abilities, Weirdness & Mutations

You are too large for most types of armour.
You have claws for hands.
Your natural rate of healing is unusually fast.
You are covered in fur. (AC +1)
You have tough skin. (AC +1)


Message History

The tarantella touches you!
You are more confused.
The wolf spider hits you but does no damage.
The wolf spider bites you but does no damage.
The spark wasp stings you! The spark wasp shocks you!
The tarantella touches you.
You are more confused.
The wolf spider hits you! The wolf spider bites you!
The spark wasp stings you!! The spark wasp shocks you!
The tarantella touches you. The wolf spider barely misses you.
The wolf spider closely misses you.
The spark wasp stings you but does no damage.
You climb upwards.
Welcome back to the Lair of Beasts!
There is a hole to the Spider Nest here.
You see here a culicivora corpse.
Unknown command.
Unknown command.
You are too injured to fight recklessly!
You are too injured to fight recklessly!
You are too injured to fight recklessly!
You're too confused to move!
The tarantella touches you!
* * * LOW HITPOINT WARNING * * *
The wolf spider hits you!
* * * LOW HITPOINT WARNING * * *
The wolf spider barely misses you.
The spark wasp stings you but does no damage.
The tarantella misses you. The wolf spider closely misses you.
The wolf spider bites you but does no damage.
The spark wasp stings you but does no damage.
Unknown command.
You feel better.
The tarantella touches you but does no damage.
The wolf spider hits you.
* * * LOW HITPOINT WARNING * * *
The wolf spider bites you!
* * * LOW HITPOINT WARNING * * *
The spark wasp stings you!
* * * LOW HITPOINT WARNING * * *
The spark wasp shocks you!
You die...

............#..P# #........#§.#
...[........##..# ##.........§.
........##^^.#### #....#.....≈
#........##^^.### ###.......##..
##.......##...^^####........##..#
§##......P##^^^.##...........##.#
.####......#^..^.###.P.....####.#
§# ##....).##^^...###PP...#.#P#.≈
§###........##^s@.##PP..........#
.............##sy.#.............#
..............###.#.....<.......#
........#P....# ###..............
.####..###....## #..........>...
.# #...##.....# #..............
.# ##..##.....## ##..PP.......##.
.###....#......###............P#.
.........#....P##...#............


You could see a spark wasp, a wolf spider and a tarantella.

Vanquished Creatures
  Jorgrun (Swamp:1)
  Rupert (Lair:3)
  A tentacled monstrosity (Swamp:3)
  Agnes (D:15)
  Gastronok (Lair:3)
  Donald (Swamp:4)
  A fenstrider witch (Swamp:4)
  A ghost moth (Spider:1)
  Louise (Swamp:1)
  Nessos (D:15)
  2 eleionomae (Swamp:1)
  2 spark wasps (Spider:1)
  4 bunyips
  Snorg (D:12)
  2 fire dragons (Lair:6)
  Josephine (Orc:1)
  3 shambling mangroves (Swamp:4)
  2 rakshasas
  Fannar (Lair:3)
  The ghost of Clumpoid the Brawler, a journeyman TrMo of Makhleb (Lair:1)
  2 demonspawn (Orc:2)
  5 vault guards (D:14)
  Erolcha (D:12)
  2 catoblepae
  22 hydras
  2 ogre magi (D:12)
  2 ironbound frosthearts (IceCv)
  6 boulder beetles
  10 centaur warriors
  3 two-headed ogres
  2 ghost crabs
  5 death yaks (IceCv)
  Erica (Orc:1)
  13 alligators
  A tengu warrior (D:9)
  Urug (Orc:2)
  5 orc high priests (Orc:2)
  A pharaoh ant (Spider:1)
  A skeletal warrior (D:12)
  A steelbarb worm (Spider:1)
  4 goliath frogs
  11 swamp dragons
  2 orb spiders (Spider:1)
  3 bog bodies
  5 spriggan druids
  2 lindwurms (Lair:6)
  A necromancer (D:15)
  A deep elf archer (D:14)
  6 orc knights
  Pikel (D:7)
  3 wizards
  5 deep elf pyromancers
  A deep elf zephyrmancer (D:15)
  2 wolf spiders
  6 manticores
  10 cyclopes
  9 ugly things
  7 orc sorcerers
  8 will-o-the-wisps
  A rust devil (Orc:2)
  11 elephants
  A moth of wrath (Lair:4)
  Joseph (D:7)
  A molten gargoyle (Lair:4)
  4 torpor snails (Lair:6)
  5 black mambas
  An ice statue (IceCv)
  An orange demon (Orc:2)
  14 cane toads
  A gargoyle (D:9)
  7 rime drakes
  3 demonic crawlers (Spider:1)
  4 komodo dragons
  Psyche (D:12)
  An efreet (D:14)
  An unseen horror (D:10)
  A yaktaur (D:14)
  3 hellwings
  An ancient zyme (Lair:1)
  A tengu conjurer (D:13)
  A harpy zombie (D:15)
  6 trolls
  4 meliai
  7 tyrant leeches
  5 dream sheep (Lair:6)
  8 tarantellas
  31 hornets
  16 polar bears
  4 blink frogs (Lair:6)
  11 slime creatures
  3 jumping spiders
  4 vampires
  3 culicivoras
  Sigmund (D:4)
  6 wraiths
  32 yaks
  14 spriggans
  3 fire bats (Lair:4)
  A human (D:14)
  6 wyverns
  3 steam dragons
  10 basilisks
  20 vampire mosquitoes
  6 redbacks
  4 wargs
  18 swamp worms
  13 water moccasins
  A large abomination (Lair:1)
  Duvessa (D:7)
  11 swamp drakes
  A black bear (shapeshifter) (D:14)
  The ghost of snetch the Skirmisher, an amateur MiBe of Trog (D:3)
  The ghost of eustatius the Poker, an amateur GnCA of Ignis (D:3)
  4 sky beasts
  2 black bears
  36 orc warriors
  A necrophage (D:8)
  26 wolves
  2 ogres
  The ghost of HallandMoats the Skirmisher, an amateur DsFi of Kikubaaqudgha (D:3)
  5 boggarts (D:15)
  10 centaurs
  The ghost of rogsnak the Gusty, an amateur DsAE (D:3)
  4 kobold brigands
  12 bullfrogs
  A gnoll sergeant (D:12)
  A scorpion (D:6)
  Dowan (D:7)
  The ghost of strifetoe the Chopper, a weakling MiAK of Lugonu (D:3)
  3 water moccasin skeletons
  9 wights (D:9)
  6 howler monkeys
  A bullfrog zombie (D:5)
  3 electric eels
  A crimson imp (D:10)
  8 centaur zombies
  4 hounds
  6 jellies
  4 centaur skeletons
  22 orc priests
  Crazy Yiuf (D:7)
  8 iguanas
  A gnoll shaman (D:9)
  A bullfrog skeleton (D:6)
  22 orc wizards
  A centaur simulacrum (D:9)
  A howler monkey skeleton (D:7)
  2 howler monkey zombies
  8 gnolls
  2 river rats (Sewer)
  20 adders
  5 white imps
  An ufetubus (D:6)
  2 worms (D:2)
  2 dart slugs (D:4)
  70 orcs
  6 endoplasms
  4 giant cockroaches (D:4)
  10 goblins
  8 hobgoblins
  7 jackals
  18 kobolds
  5 quokkas
  10 ball pythons
  6 bats
  5 frilled lizards
  12 rats
935 creatures vanquished.

Vanquished Creatures (collateral kills)
  A hydra (D:12)
  A centaur simulacrum (D:12)
2 creatures vanquished.

Vanquished Creatures (others)
  A spriggan druid (Swamp:4)
  2 bloated husks
  A hornet (Swamp:4)
  An orc priest (Orc:2)
  An orc wizard (D:13)
  A bush (Lair:1)
  15 foxfires
  17 fungi
  71 plants
110 creatures vanquished.

Grand Total: 1047 creatures vanquished

Notes
Turn   | Place    | Note
-------+----------+-------------------------------------------
     0 | D:1      | siradein the Troll Berserker began the quest for the Orb.
     0 | D:1      | Reached XP level 1. HP: 22/22 MP: 0/0
    98 | D:1      | Reached XP level 2. HP: 29/29 MP: 1/1
   178 | D:1      | Found a faded altar of an unknown god.
   702 | D:2      | Found a glowing golden altar of the Shining One.
   710 | D:2      | Reached XP level 3. HP: 36/36 MP: 2/2
   837 | D:2      | Reached ** piety under Trog
   852 | D:2      | Identified the +10 hunting sling "Dragonbane" {speed, rN+++
                  | Int+2 Dex-4 Stlth-}
  1174 | D:2      | Found the +8 demon blade "Leech" {vamp, Harm Drain rN+}
  1410 | D:2      | Reached XP level 4. HP: 45/45 MP: 3/3
  1837 | D:3      | Found a runed translucent gate.
  1837 | D:3      | Found a runed translucent gate.
  1839 | D:3      | Found a runed translucent gate.
  1839 | D:3      | Noticed eustatius's ghost (amateur GnCA)
  1839 | D:3      | Noticed snetch's ghost (amateur MiBe)
  1840 | D:3      | Noticed HallandMoats's ghost (amateur DsFi)
  1840 | D:3      | Noticed strifetoe's ghost (weakling MiAK)
  1840 | D:3      | Noticed rogsnak's ghost (amateur DsAE)
  2170 | D:3      | Reached skill level 1 in Throwing
  2173 | D:3      | Reached skill level 1 in Long Blades
  2174 | D:3      | Reached XP level 5. HP: 49/53 MP: 4/4
  2244 | D:3      | Found a blossoming altar of Fedhas.
  2598 | D:4      | Found a glowing drain.
  2606 | D:4      | Reached *** piety under Trog
  2611 | Sewer    | Entered a sewer
  2621 | Sewer    | Reached XP level 6. HP: 61/61 MP: 5/5
  2869 | Sewer    | Reached XP level 7. HP: 70/70 MP: 6/6
  3351 | D:4      | Reached **** piety under Trog
  3461 | D:4      | Noticed Sigmund
  3478 | D:4      | Killed Sigmund
  3596 | D:4      | You fall into a shaft and drop 1 floor!
  3596 | D:5      | Entered Level 5 of the Dungeon
  3623 | D:5      | Reached XP level 8. HP: 64/79 MP: 7/7
  3711 | D:5      | Reached skill level 5 in Dodging
  3720 | D:5      | Reached skill level 5 in Fighting
  3814 | D:5      | Found a radiant altar of Vehumet.
  3815 | D:5      | Found a stormy altar of Qazlal.
  4028 | D:4      | Reached ***** piety under Trog
  4199 | D:5      | Found a staircase to the Ecumenical Temple.
  4763 | D:6      | Reached XP level 9. HP: 88/88 MP: 8/8
  4819 | D:6      | Reached skill level 5 in Throwing
  5641 | D:7      | Found a shadowy altar of Dithmenos.
  5705 | D:7      | Reached skill level 5 in Long Blades
  5814 | D:7      | Noticed Joseph
  5824 | D:7      | Killed Joseph
  5995 | D:7      | Noticed Dowan
  5995 | D:7      | Noticed Duvessa
  6009 | D:7      | Killed Dowan
  6027 | D:7      | Noticed Pikel
  6032 | D:7      | Killed Pikel
  6049 | D:7      | Killed Duvessa
  6124 | D:7      | Reached XP level 10. HP: 88/100 MP: 9/9
  6152 | D:7      | Found a broken altar of Ashenzari.
  6187 | D:7      | Found a runed translucent door.
  6188 | D:7      | Noticed Crazy Yiuf
  6338 | D:7      | Killed Crazy Yiuf
  6557 | D:8      | Found an ornate altar of the Wu Jian Council.
  7151 | D:9      | Found Koipem's Antique Armour Emporium.
  7969 | D:9      | Noticed a two-headed ogre
  7981 | D:9      | Killed a two-headed ogre
  7984 | D:9      | Reached XP level 11. HP: 105/110 MP: 10/10
  7989 | D:9      | Identified the +1 scale mail of the Big Bang {rPois rF++}
  7997 | D:9      | Noticed a centaur warrior
  8007 | D:9      | Killed a centaur warrior
  8071 | D:9      | Noticed a green ugly thing
  8072 | D:9      | Noticed a tengu warrior
  8096 | D:8      | Killed a green ugly thing
  8176 | D:9      | Killed a tengu warrior
  8278 | D:9      | Noticed a centaur warrior
  8278 | D:9      | Noticed a centaur warrior
  8286 | D:9      | Killed a centaur warrior
  8288 | D:9      | Killed a centaur warrior
  8288 | D:9      | Received a gift from Trog
  8671 | D:9      | Found a staircase to the Orcish Mines.
  8724 | D:10     | Entered Level 10 of the Dungeon
  8789 | D:10     | Found a staircase to the Lair.
  8829 | D:10     | Found a hide-covered altar of Uskayaw.
  8944 | D:10     | Noticed a two-headed ogre
  8952 | D:10     | Killed a two-headed ogre
  9037 | D:10     | Found a burning altar of Makhleb.
  9037 | D:10     | Found a shimmering altar of Xom.
  9101 | D:10     | Found a sacrificial altar of Ru.
  9411 | D:10     | Identified 2 scrolls of acquirement
  9468 | D:11     | Noticed a boulder beetle
  9476 | D:11     | Killed a boulder beetle
  9838 | D:11     | Found a radiant altar of Vehumet.
  9941 | Lair:1   | Entered Level 1 of the Lair of Beasts
  9941 | Lair:1   | Found a frozen archway.
  9950 | IceCv    | Entered an ice cave
 10056 | IceCv    | Reached XP level 12. HP: 122/122 MP: 11/11
 10549 | IceCv    | Noticed a death yak
 10549 | IceCv    | Noticed a death yak
 10562 | IceCv    | Killed a death yak
 10568 | IceCv    | Killed a death yak
 10625 | IceCv    | Noticed a death yak
 10634 | IceCv    | Killed a death yak
 10681 | IceCv    | Reached skill level 10 in Long Blades
 10693 | IceCv    | Noticed an ironbound frostheart
 10693 | IceCv    | Noticed a death yak
 10693 | IceCv    | Noticed a death yak
 10693 | IceCv    | Noticed an ironbound frostheart
 10701 | IceCv    | Killed a death yak
 10713 | IceCv    | Killed an ironbound frostheart
 10729 | IceCv    | Killed an ironbound frostheart
 10729 | IceCv    | Received a gift from Trog
 10733 | IceCv    | Killed a death yak
 10734 | IceCv    | Reached skill level 10 in Throwing
 10749 | IceCv    | Identified the amulet "Wuwnuan" {Acrobat Str+4}
 10971 | Lair:1   | Reached ****** piety under Trog
 11130 | Lair:1   | Noticed a rakshasa
 11143 | Lair:1   | Noticed a six-headed hydra
 11152 | Lair:1   | Killed a ten-headed hydra
 11153 | Lair:1   | Reached XP level 13. HP: 133/133 MP: 12/12
 11390 | Lair:1   | Found a transporter.
 11394 | Lair:1   | Found a one-way gate to the infinite horrors of the Abyss.
 11400 | Lair:1   | Found a transporter.
 11671 | Lair:1   | Noticed Clumpoid's ghost (journeyman TrMo)
 11835 | D:3      | Killed rogsnak's ghost
 11841 | D:3      | Killed eustatius's ghost
 11844 | D:3      | Killed HallandMoats's ghost
 11847 | D:3      | Killed strifetoe's ghost
 11850 | D:3      | Killed snetch's ghost
 11851 | D:3      | Reached skill level 10 in Dodging
 12090 | Lair:2   | Reached skill level 10 in Fighting
 12475 | Lair:2   | You fall into a shaft and drop 2 floors!
 12710 | Lair:4   | Found a staircase to the Swamp.
 12995 | Lair:3   | Noticed Fannar
 13018 | Lair:3   | Killed Fannar
 13049 | Lair:3   | Noticed Rupert
 13079 | Lair:3   | Killed Rupert
 13380 | Lair:2   | Acquired the +0 cloak of the Lich-sworn {rPois Int+4}
 13588 | Lair:3   | Noticed Gastronok
 13601 | Lair:3   | Killed Gastronok
 14430 | Lair:4   | Found a hole to the Spider Nest.
 15163 | Lair:5   | Reached skill level 1 in Evocations
 15163 | Lair:5   | Reached XP level 14. HP: 144/144 MP: 13/13
 15459 | Lair:6   | Entered Level 6 of the Lair of Beasts
 15473 | Lair:6   | Found a staircase to the Slime Pits.
 15566 | Lair:6   | Received a gift from Trog
 16155 | Lair:6   | Found a snail-covered altar of Cheibriados.
 16207 | Lair:6   | Found a runed translucent door.
 16817 | Lair:1   | Killed Clumpoid's ghost
 17062 | D:12     | Noticed Erolcha
 17073 | D:12     | Killed Erolcha
 17100 | D:12     | Noticed Psyche
 17101 | D:12     | Noticed Snorg
 17114 | D:12     | Killed Snorg
 17115 | D:12     | Killed Psyche
 17256 | D:12     | Received a gift from Trog
 17470 | D:12     | Reached XP level 15. HP: 156/156 MP: 14/14
 17857 | Orc:1    | Entered Level 1 of the Orcish Mines
 17871 | Orc:1    | Noticed Erica
 17881 | Orc:1    | Killed Erica
 18006 | Orc:2    | Entered Level 2 of the Orcish Mines
 18006 | Orc:2    | Noticed Urug
 18014 | Orc:2    | Killed Urug
 18066 | Orc:2    | Found Zethrir's Distillery.
 18082 | Orc:2    | Found Diroto Xicw's Magic Scroll Boutique.
 18156 | Orc:2    | Bought a scroll of identify for 26 gold pieces
 18156 | Orc:2    | Bought a scroll of identify for 26 gold pieces
 18158 | Orc:2    | Bought a scroll of enchant armour for 97 gold pieces
 18203 | Orc:2    | Received a gift from Trog
 18904 | Orc:2    | Found a staircase to the Elven Halls.
 19035 | Orc:2    | Found Yserchoc's Antique Armour Emporium.
 19035 | Orc:2    | Found Irush's Book Shoppe.
 19036 | Orc:2    | Found a one-way gate leading to the halls of Pandemonium.
 19151 | Orc:1    | Noticed Josephine
 19155 | Orc:1    | Reached skill level 5 in Evocations
 19161 | Orc:1    | Killed Josephine
 19951 | D:13     | Received a gift from Trog
 20439 | D:14     | Identified the +4 demon whip "Houpeh" {spect, *Corrode
                  | Str+2 Stlth+}
 20790 | D:14     | Reached skill level 1 in Armour
 21258 | D:14     | Found a gate to the Vaults.
 21264 | D:14     | Reached XP level 16. HP: 167/167 MP: 15/15
 21314 | D:15     | Entered Level 15 of the Dungeon
 21315 | D:15     | Acquired a +0 kite shield of protection
 21626 | D:15     | Found a staircase to the Depths.
 21694 | D:15     | Received a gift from Trog
 21970 | D:15     | Noticed Agnes
 21981 | D:15     | Killed Agnes
 22157 | D:15     | Noticed Nessos
 22175 | D:15     | Killed Nessos
 22485 | Swamp:1  | Entered Level 1 of the Swamp
 22503 | Swamp:1  | Noticed Louise
 22517 | Swamp:1  | Killed Louise
 22879 | Swamp:1  | Noticed Jorgrun
 22898 | Swamp:1  | Killed Jorgrun
 23152 | Swamp:2  | Acquired a +1 kite shield of protection
 23998 | Swamp:3  | Received a gift from Trog
 24163 | Swamp:3  | Noticed a tentacled monstrosity
 24172 | Swamp:3  | Killed a tentacled monstrosity
 24396 | Swamp:4  | Entered Level 4 of the Swamp
 24396 | Swamp:4  | Noticed Donald
 24407 | Swamp:4  | Killed Donald
 24649 | Swamp:4  | Reached XP level 17. HP: 143/178 MP: 16/16
 24667 | Swamp:4  | Reached skill level 5 in Armour
 25574 | Swamp:4  | Got a decaying rune of Zot
 25760 | Spider:1 | Entered Level 1 of the Spider Nest
 25764 | Spider:1 | Received a gift from Trog
 26002 | Lair:4   | Slain by a spark wasp

Illustrated notes

Levels and vault maps discovered:
D:1:      minmay_arrival_cross, layout_loops_cross,
          ebering_ecumenical_altar_box, corner_web_ring
D:2:      layout_basic, basic_altar
D:3:      layout_loops_cross, mainiacjoe_overflow_alcove_1,
          gammafunk_ghost_cemetery, serial_bayou, serial_bayou_crossing,
          serial_bayou_lagoon_a, serial_bayou_ford_a, serial_bayou_pond_b
D:4:      layout_basic, nicolae_ossuary_entry_plus, portal_sewer_entry_f,
          small_statue_alley_b, hex_large, minmay_a_box_with_orc_wizards_in_it,
          uniq_sigmund
D:5:      layout_rooms, nicolae_overflow_squiral,
          minmay_temple_entry_gardened_gates, minmay_strange_pillars,
          grunt_ministairs_8, roderic_serpentine_path, minmay_misc_feat_square
D:6:      layout_basic, minmay_starry_boxes
D:7:      layout_rooms, general_overflow_altar, marbit_many_paths,
          chequers_serial_rivers_micro_b, minivault_1,
          chequers_serial_rivers_micro_a, minmay_door_square, uniq_joseph,
          uniq_pikel, uniq_crazy_yiuf_cottage, uniq_duvessa
D:8:      layout_basic, nicolae_wu_jian_glorious_leap, fungi_pond_lemuel
D:9:      minmay_the_grid_triangle_9x9_rhombus_thin
          [minmay_the_grid_triangle_9x9_warning,
          minmay_the_grid_triangle_9x9_prize_insulated,
          minmay_the_grid_triangle_9x9_flanged_cone,
          minmay_the_grid_triangle_9x9_semitri], layout_basic, erik_orc_2,
          serial_shops, shop
D:10:     layout_stronghold, grunt_temple_overflow_champion_of_chaos,
          mainiacjoe_overflow_chevrons,
          mainiacjoe_overflow_concentric_impassable, lair_entry_dummy,
          minivault_1
D:11:     layout_cave_pools, hangedman_abyss_or_decor_jellyfish_corner,
          nicolae_vehumet_altar_sigil
D:12:     layout_big_octagon, minmay_fractal_squares_gapless_7, uniq_erolcha,
          uniq_psyche, uniq_snorg
D:13:     minmay_bubble_buster, layout_basic
D:14:     layout_irregular_city, grunt_vaults_entry_fortified, kennysheep_path_1
D:15:     grunt_enter_depths_magical_seal, layout_stronghold,
          minmay_curled_crystal, chequers_jeans, uniq_agnes, uniq_nessos
Lair:1:   minmay_lair_venomous_thicket, layout_cellular_growth,
          gammafunk_ghost_abyssal_escape, portal_ice_cave_entry_pillars_2,
          grunt_megastairs_5
Lair:2:   layout_roguey
Lair:3:   layout_small_grid, minivault_25, serial_bayou_shore_b, uniq_fannar,
          uniq_rupert, uniq_gastronok
Lair:4:   layout_gridlike, swamp_mist_pool, spider_nest_entry_funnel_web
Lair:5:   layout_concentric_octagons
Lair:6:   wormcave, layout_regular_city, guppyfry_lair_end_dragon,
          minmay_slime_entry_pillars, basic_altar,
          grunt_forest_small_clearing_treed
Swamp:1:  layout_basic_swamp, evilmike_swamp_ruin_house_3, uniq_louise,
          uniq_jorgrun
Swamp:2:  layout_basic_swamp, evilmike_swamp_ruin_house_5, swamp_pool1,
          infiniplex_staircase_pool
Swamp:3:  layout_falls_marsh, serial_swamp_ruin, evilmike_swamp_ruin_house_2,
          evilmike_swamp_ruin_rubble_1, evilmike_swamp_ruin_rubble_2
Swamp:4:  swamp, layout_basic_swamp, swamp_pool3, nicolae_swamp_spooky_pond,
          uniq_donald
Spider:1: layout_spider_delve, hangedman_spider_mandibles
Orc:1:    layout_diamond_mine, uniq_erica, uniq_josephine
Orc:2:    pf_orc_diabolical, layout_caves, uniq_urug

Skill      XL: |  1  2  3  4  5  6  7  8  9 10 11 12 13 14 15 16 17 |
---------------+----------------------------------------------------+-----
Maces & Flails | 3 |  3.2
Dodging        | 3 4 5 6 7 8 9 10 11 12 13 | 13.7
Fighting       | 3 4 5 6 7 8 9 10 11 12 13 | 13.8
Throwing       | 1 2 3 4 6 7 8 10 11 12 13 14 | 14.5
Long Blades    | 1 2 3 4 5 6 8 10 12 13 14 | 14.0
Evocations     | 1 4 5 7 8 |  8.1
Armour         | 1 4 6 |  6.2

Action                   |  1- 3 |  4- 6 |  7- 9 | 10-12 | 13-15 | 16-18 || total
-------------------------+-------+-------+-------+-------+-------+-------++-------
Melee: Mace              |    91 |       |       |       |       |       ||    91
       Demon blade       |     7 |   119 |   241 |   457 |   970 |   664 ||  2458
Throw: Stone             |       |       |       |    14 |     8 |       ||    22
       Boomerang         |       |       |       |       |     6 |    11 ||    17
Invok: Berserk           |       |       |       |     2 |     4 |       ||     6
       Trog's Hand       |       |       |       |       |     5 |     1 ||     6
       Brothers in Arms  |       |       |       |       |     1 |       ||     1
  Use: Scroll            |       |       |     4 |     8 |    21 |     3 ||    36
       Potion            |       |       |       |       |     2 |     1 ||     3
 Stab: Sleeping          |     1 |     1 |     1 |       |       |       ||     3
       Distracted        |       |       |     1 |       |       |       ||     1
       Petrified         |       |       |       |       |     3 |       ||     3
       Confused          |       |       |       |       |       |     1 ||     1
       Paralysed         |       |       |       |       |       |     1 ||     1
Armor: Animal skin       |    36 |    53 |    63 |     4 |       |       ||   156
       Steam dragon scal |       |       |       |    84 |       |       ||    84
       Troll leather arm |       |       |       |    17 |       |       ||    17
       Ice dragon scales |       |       |       |    39 |   176 |       ||   215
       Fire dragon scale |       |       |       |       |   143 |   324 ||   467
Dodge: Dodged            |    62 |    67 |   146 |   249 |   635 |   542 ||  1701
Block: Orb               |       |       |       |       |    12 |       ||    12

Table legend: (Time is in decaauts)
 A = Elapsed time spent in this place.
 B = Non-inter-level travel time spent in this place.
 C = Inter-level travel time spent in this place.
 D = Time resting spent in this place.
 E = Time spent auto-exploring this place.
 F = Levels seen in this place.
 G = Mean time per level.
                   A        B        C        D        E       F      G
               +--------+--------+--------+--------+--------+-----+--------+
         Total |  26067 |  24339 |   1728 |   1028 |  17350 |  30 |  868.9 |
       Dungeon |  13348 |  12176 |   1172 |    442 |   9087 |  15 |  889.9 |
          Lair |   5890 |   5460 |    430 |    198 |   4030 |   6 |  981.7 |
         Swamp |   3352 |   3240 |    112 |    305 |   2190 |   4 |  838.0 |
   Spider Nest |     98 |     98 |      0 |      0 |      2 |   1 |   98.0 |
  Orcish Mines |   1593 |   1582 |     11 |     81 |    933 |   2 |  796.5 |
         Sewer |    883 |    883 |      0 |      0 |    568 |   1 |  883.0 |
      Ice Cave |    899 |    899 |      0 |      0 |    537 |   1 |  899.0 |
               +--------+--------+--------+--------+--------+-----+--------+

Top non-repeatable levels by time:
     D:9: 1727 daAuts
   Orc:2: 1185 daAuts
  Lair:1: 1162 daAuts
 Swamp:4: 1147 daAuts
  Lair:6: 1137 daAuts
     D:6: 1120 daAuts
  Lair:4: 1093 daAuts
  Lair:3: 1063 daAuts
     D:2: 985 daAuts
     D:3: 949 daAuts
    D:15: 935 daAuts
   IceCv: 899 daAuts
   Sewer: 883 daAuts
    D:14: 874 daAuts
    D:10: 872 daAuts
